 Dungeon Crawl Stone Soup version 0.30-a0-1164-ge08a67761e (webtiles) character file.

Game seed: 818979799761323290

419 Mesmaeker13 the Insei (level 6, -12/42 HPs)
             Began as an Octopode Transmuter on Apr 29, 2023.
             Killed from afar by an orc wizard (13 damage)
             ... with a puff of flame
             ... on level 4 of the Dungeon.
             The game lasted 00:05:38 (3053 turns).

Mesmaeker13 the Insei (Octopode Transmuter)         Turns: 3053, Time: 00:05:38

Health: -12/42     AC:  1    Str:  9    XL:     6   Next: 93%
Magic:  18/18      EV: 13    Int: 18    God:
Gold:   152        SH:  0    Dex: 12    Spells: 2/9 levels left

rFire   . .          .
                       - Unarmed
rCold   . . .        (no shield)
rNeg    . . .        (helmet restricted)
rPois   .            m - amulet of the acrobat
rElec   .            d - ring of magical power
rCorr   .            l - +4 ring of slaying
SInv    .            (no ring)
Will    .....        (no ring)
Stlth   ++           (no ring)
HPRegen 0.27/turn    (no ring)
MPRegen 0.16/turn    (no ring)
                     (no ring)

%: acrobat
@: about to teleport, invisible
A: almost no armour, amphibious, 8 rings, camouflage 1, gelatinous body 1,
(nimble swimmer 1), tentacles
a: no special abilities


You were on level 4 of the Dungeon.
You visited 1 branch of the dungeon, and saw 4 of its levels.
You also visited: Sewer.

You collected 152 gold pieces.

Inventory:

Missiles
 v - 5 poisoned darts (quivered)
 w - a curare-tipped dart
Jewellery
 d - a ring of magical power (left tentacle)
 e - an amulet of magic regeneration
 f - a ring of fire
 l - a +4 ring of slaying (right tentacle)
 m - an amulet of the acrobat (around mantle)
Wands
 q - a wand of light (4)
Scrolls
 c - 2 scrolls of poison {unknown}
 h - a scroll of brand weapon {unknown}
 j - 2 scrolls of teleportation
 n - a scroll of blinking {unknown}
 r - a scroll of fear {unknown}
 s - a scroll of fog {unknown}
 t - a scroll of vulnerability {unknown}
 x - a scroll of enchant weapon
Potions
 a - 3 potions of lignification
 b - a potion of attraction
 i - a potion of flight {unknown}
 o - 4 potions of mutation
 u - a potion of might {unknown}
 z - a potion of brilliance {unknown}
 A - a potion of curing {unknown}


   Skills:
 + Level 3.5 Fighting
 - Level 2.0 Dodging
 + Level 4.6 Unarmed Combat
 - Level 2.0 Spellcasting
 + Level 4.1 Transmutations
 + Level 2.5 Ice Magic


You had 2 spell levels left.
You knew the following spells:

 Your Spells              Type           Power      Damage    Failure   Level
a - Beastly Appendage     Tmut           32%        N/A       3%          1
b - Wereblood             Tmut           16%        N/A       4%          2
c - Ice Form              Ice/Tmut       13%        N/A       43%         4

Your spell library contained the following spells:

 Spells                   Type           Power      Damage    Failure   Level
 Apportation              Tloc           2%         N/A       19%         1
 Spider Form              Tmut/Pois      9%         N/A       24%         3
 Alistair's Intoxication  Tmut/Pois      6%         N/A       91%         5


Dungeon Overview and Level Annotations

Branches:
Dungeon (4/15)              Sewer (visited)
 Temple: D:4-7

Altars:


Innate Abilities, Weirdness & Mutations

You cannot wear most types of armour.
You are amphibious.
You can wear up to eight rings at the same time.
Your skin changes colour to match your surroundings (Stealth+).
Your rubbery body absorbs attacks. (AC +1, EV +1)
((You are camouflaged when in or above water. (Stealth+)))
You have tentacles for arms and can constrict up to eight enemies at once.


Message History

Your tentacle spike misses the orc wizard.
The orc wizard is moderately wounded.
The orc wizard completely misses you.
The orc wizard attacks as you move away!
The orc wizard closely misses you. The orc wizard casts a spell at you.
The magic dart hits you!
The orc wizard gestures wildly while chanting.
The orc wizard flickers and vanishes!
An orc comes into view.
It is wielding a +2 flail of protection.
You hear some strange, mumbled words.
You are too confused!
You're too confused to move!
Your transformation is almost over.
Something hits you.
You fade into invisibility!
You feel less confused. Something hits you.
Okay, then.
A magic dart appears from out of thin air!
The magic dart hits you!
* * * LOW HITPOINT WARNING * * *
A puff of flame appears from out of thin air!
The puff of flame hits you!
* * * LOW HITPOINT WARNING * * *
Okay, then.
Okay, then.
Your tentacle spike disappears.
It was a potion of cancellation.
Your magical effects are unravelling.
You feel magically purged.
You flicker back into view.
It was a potion of magic.
Magic courses through your body.
As you read the scroll of teleportation, it crumbles to dust.
You feel strangely unstable. Something hits you.
* * * LOW HITPOINT WARNING * * *
You fade into invisibility!
You hear some strange, mumbled words.
A puff of flame appears from out of thin air!
The puff of flame hits you!
You die...

.##
###.....#######
..+
...............
.##
###.###.#######
.# #.# #.# ##
#.# #.# # #.#
#.# # #.# ##
#.# .# #@# .#
#{# .# #.# .#
#.# .# ##.## .#
#o..########
...
+..........#
.##
#....#####.#
+........#


You could see an orc (unable to see you).

Vanquished Creatures
  2 kobold brigands (Sewer)
  A scorpion (D:4)
  A jelly (D:4)
  An iguana (D:4)
  Terence (D:2)
  6 adders
  5 worms
  A dart slug (D:3)
  4 orcs (D:3)
  9 ball pythons
  6 bats
  8 endoplasms
  2 giant cockroaches (D:2)
  6 goblins
  5 hobgoblins
  A quokka (D:4)
  A frilled lizard (D:3)
  11 kobolds
  9 rats
80 creatures vanquished.

Notes
Turn   | Place    | Note
-------+----------+-------------------------------------------
     0 | D:1      | Mesmaeker13 the Octopode Transmuter began the quest for the
                  | Orb.
     0 | D:1      | Reached XP level 1. HP: 13/13 MP: 3/3
   167 | D:1      | Reached XP level 2. HP: 18/18 MP: 3/5
   170 | D:1      | Learned a level 2 spell: Wereblood
   325 | D:1      | Found a faded altar of an unknown god.
   535 | D:2      | Noticed Terence
   634 | D:2      | Reached XP level 3. HP: 24/24 MP: 6/6
   839 | D:2      | Reached XP level 4. HP: 29/29 MP: 7/7
   978 | D:2      | Learned a level 4 spell: Ice Form
  1086 | D:2      | Killed Terence
  1217 | D:3      | Found a glowing drain.
  1236 | Sewer    | Entered a sewer
  1294 | Sewer    | Reached XP level 5. HP: 35/35 MP: 8/8
  1298 | Sewer    | Reached skill level 1 in Ice Magic
  1482 | Sewer    | Noticed a kobold brigand
  1495 | Sewer    | Killed a kobold brigand
  1530 | Sewer    | Noticed a kobold brigand
  1953 | Sewer    | Killed a kobold brigand
  1954 | Sewer    | Reached XP level 6. HP: 41/42 MP: 9/9
  3052 | D:4      | HP: 1/42 [something (4)]
  3053 | D:4      | Killed from afar by an orc wizard

Illustrated notes

Levels and vault maps discovered:
D:1:      lemuel_arrival_rhombus, layout_rooms, shapermc_ecumenical_altar_venn
D:2:      layout_rooms, uniq_terence
D:3:      layout_basic, cheibrodos_sewer_entry_sluice, grunt_ministairs_13
D:4:      layout_basic, serial_shops, nicolae_stop_n_shop_2

Skill      XL: |  1  2  3  4  5  6 |
---------------+-------------------+-----
Fighting       | 2 3 |  3.5
Transmutations | 3 4 |  4.1
Ice Magic      | 2 |  2.5
Unarmed Combat | 4 |  4.6
Dodging        | |  2.0
Spellcasting   | |  2.0

Action                     |  1- 3 |  4- 6 || total
---------------------------+-------+-------++-------
  Melee: Unarmed           |    45 |    84 ||   129
         Constrict         |    16 |    25 ||    41
         Tentacles         |    12 |    14 ||    26
         Kick              |    15 |    27 ||    42
         Punch             |     1 |     4 ||     5
  Throw: Dart              |       |    11 ||    11
   Cast: Beastly Appendage |    13 |    33 ||    46
         Wereblood         |     2 |    10 ||    12
  Evoke: Wand              |       |     4 ||     4
    Use: Scroll            |       |     5 ||     5
         Potion            |       |     4 ||     4
   Stab: Sleeping          |       |     1 ||     1
 Armour: Skin              |     3 |     3 ||     6
  Dodge: Dodged            |    29 |    47 ||    76

Table legend: (Time is in decaauts)
 A = Elapsed time spent in this place.
 B = Non-inter-level travel time spent in this place.
 C = Inter-level travel time spent in this place.
 D = Time resting spent in this place.
 E = Time spent auto-exploring this place.
 F = Levels seen in this place.
 G = Mean time per level.
                   A        B        C        D        E       F      G
               +--------+--------+--------+--------+--------+-----+--------+
         Total |   3042 |   2926 |    116 |    598 |   1591 |   5 |  608.4 |
       Dungeon |   2317 |   2201 |    116 |    169 |   1506 |   4 |  579.2 |
         Sewer |    724 |    724 |      0 |    429 |     85 |   1 |  724.0 |
               +--------+--------+--------+--------+--------+-----+--------+

Top non-repeatable levels by time:
     D:3: 782 daAuts
   Sewer: 724 daAuts
     D:2: 594 daAuts
     D:1: 571 daAuts
     D:4: 369 daAuts
